[Event "II Duchamp Open 2018"]
[Site "Rio de Janeiro"]
[Date "2018.11.17"]
[Round "5"]
[White "Souza Neves, Andrey M."]
[Black "Kruger, Israel"]
[Result "1-0"]
[ECO "D11"]
[WhiteElo "2074"]
[BlackElo "1877"]
[Annotator "NA RC"]
[PlyCount "97"]
[EventDate "2018.11.14"]
[EventType "swiss"]
[EventCountry "BRA"]
[SourceTitle "playchess.com"]
[Source "ChessBase"]
[SourceQuality "1"]
[TimeControl "5400+30"]

1. d4 d5 2. c4 c6 3. Nf3 Nf6 4. e3 g6 5. Nc3 Bg7 6. Bd3 dxc4 7. Bxc4 O-O 8. O-O Bg4 9. h3 Bxf3 10. Qxf3 Nbd7 11. Rd1 {[%emt 0:02:46] LiveBook: 358 Games} a5 {[%emt 0:07:51] D94: Grünfeld: 4 Nf3 Bg7 5 e3} (11... e5 12. d5 e4 13. Nxe4 Nxe4 14. Qxe4 Nb6 15. Rb1 Qd6 16. Bb3 cxd5 17. Qd3 a5 18. a3 Qe6 19. Bd2 Rfc8 20. Be1 Rc5 21. Ba2 Nc4 22. b4 axb4 23. Bxb4 {1-0 (84) Riazantsev,A (2654)-Li,C (2735) Geneva 2017}) 12. a4 Qc7 $146 ({Predecessor:} 12... e5 13. d5 Qb6 14. dxc6 bxc6 15. e4 Nc5 16. Rd6 Qb4 17. Rxf6 Bxf6 18. Qxf6 Qxc4 19. Bh6 {1-0 (27) Ma,Q (2608)-Zhang,Z (2236) Shijiazhuang 2015}) 13. e4 Rad8 14. e5 Ne8 15. Bf4 e6 16. Ne4 Nb6 17. Bb3 Nd5 18. Bxd5 Rxd5 19. Nf6+ Bxf6 20. exf6 Nd6 21. Be5 Rc8 22. h4 Qd8 23. h5 Nf5 24. hxg6 hxg6 {[%emt 0:04:58] [#]} (24... fxg6 $14 25. Re1 Qd7) 25. Qf4 $1 c5 (25... Kf8 {is a better defense.}) 26. g4 (26. Ra3 $18) 26... Nxd4 (26... Rxd4 $16 27. Bxd4 Nxd4) 27. Kg2 Rxe5 28. Qxe5 Qd5+ 29. Qxd5 exd5 30. Ra3 Ne6 31. Rb3 Rc7 32. Rb5 g5 33. Rh1 ({Don't play} 33. Rxa5 Kh7 $16) 33... Nf4+ 34. Kg3 Ne2+ {[%emt 0:01:16] [#]} 35. Kf3 (35. Kh2 $1 $16) 35... Nd4+ 36. Ke3 Nxb5 37. axb5 b6 38. Rh5 d4+ 39. Ke4 Rd7 40. Rxg5+ Kf8 41. Rh5 Kg8 42. Kd3 Rd6 43. g5 Re6 44. Rh1 a4 45. Ra1 Kh7 46. Rxa4 Kg6 47. f4 Kf5 48. Ra8 Kxf4 $2 {[%emt 0:00:24] [#]} (48... Re3+ $11 49. Kc4 d3) 49. g6 $18 1-0

[Event "II Duchamp Open 2018"]
[Site "Rio de Janeiro"]
[Date "2018.11.17"]
[Round "5"]
[White "Okamura, Milton Kasuo"]
[Black "Chang, Suzana"]
[Result "0-1"]
[ECO "E91"]
[WhiteElo "2038"]
[BlackElo "1968"]
[Annotator "NA RC"]
[PlyCount "78"]
[EventDate "2018.11.14"]
[EventType "swiss"]
[EventCountry "BRA"]
[SourceTitle "playchess.com"]
[Source "ChessBase"]
[SourceQuality "1"]
[TimeControl "5400+30"]

1. d4 Nf6 2. c4 g6 3. Nc3 Bg7 4. e4 d6 5. Nf3 O-O 6. Be2 Na6 7. O-O e5 8. Be3 Ng4 9. Bg5 Qe8 10. d5 h6 {[%emt 0:11:09] E94: King's Indian: Classical: 6 Be2 e5 7 0-0: Various Black 7th moves} (10... f6 11. Bd2 f5 12. Ne1 Nf6 13. f3 f4 14. Nd3 g5 15. c5 Nxc5 16. Nxc5 dxc5 17. Nb5 Qe7 18. Bc3 {0-1 (49) Shen,Y (2468)-Huang,Q (2449) Tianjin 2018}) 11. Bd2 f5 12. Ne1 (12. exf5 $16 gxf5 13. Nh4) 12... Nf6 {[%emt 0:00:19] LiveBook: 6 Games} 13. f3 f4 14. Nd3 Rf7 15. b4 $146 ({Predecessor:} 15. Rc1 g5 16. b4 Bf8 17. h3 h5 18. a3 {½-½ (33) Bacso,G (2181)-Mede,I (2272) Hungary 2009}) 15... Bf8 16. Be1 g5 17. Bf2 Rg7 18. c5 Qh5 19. Qe1 $2 (19. c6 $16 {and life is bright.}) 19... g4 20. Bh4 g3 21. Bxg3 $2 (21. hxg3 $17 fxg3 22. Bxg3) 21... fxg3 22. hxg3 Qg6 23. Rc1 (23. c6 $17 {keeps fighting.}) 23... Nh5 24. g4 Nf4 25. Nxf4 exf4 26. Qf2 $2 (26. e5 $17) 26... dxc5 27. b5 (27. Bxa6 Qxa6) (27. e5 $17 {was necessary.}) 27... Nb8 28. e5 h5 (28... Nd7 $19 {has better winning chances.} 29. e6 Ne5) 29. Ne4 $2 (29. e6 $17) 29... Nd7 30. e6 Nf6 31. Nxf6+ Qxf6 32. gxh5 Qg5 33. Bc4 Bd6 34. Rfe1 b6 35. Rc2 Bb7 36. Qd2 Re8 37. a4 Qxh5 38. a5 Rg5 39. Rd1 Qxf3 $19 0-1

[Event "II Duchamp Open 2018"]
[Site "Rio de Janeiro"]
[Date "2018.11.17"]
[Round "5"]
[White "Fucs, Paulo Moses"]
[Black "Bomfim, Carlos B Campos Roc"]
[Result "1-0"]
[ECO "C40"]
[WhiteElo "2016"]
[BlackElo "1920"]
[Annotator "NA RC"]
[PlyCount "105"]
[EventDate "2018.11.14"]
[EventType "swiss"]
[EventCountry "BRA"]
[SourceTitle "playchess.com"]
[Source "ChessBase"]
[SourceQuality "1"]
[TimeControl "5400+30"]

1. e4 e5 2. Nf3 Qe7 3. Nc3 c6 4. d4 d6 5. dxe5 {[%emt 0:02:31] C41: Philidor Defence} (5. a4 Nf6 6. Be2 h6 7. h3 Qc7 8. Be3 Be7 9. O-O O-O 10. Re1 Re8 11. Bc4 Nbd7 12. Ba2 Nf8 13. Qd2 Be6 14. d5 Bd7 15. Rad1 c5 16. Nxe5 dxe5 17. d6 Bxd6 18. Qxd6 Qxd6 19. Rxd6 Be6 20. Bxc5 Bxa2 21. Nxa2 {0-1 (72) Sanal,V (2551)-Fedoseev,V (2718) Riadh 2017}) 5... dxe5 6. Bc4 g6 7. Ng5 Nh6 8. O-O Bg7 9. a4 $146 ({Predecessor:} 9. h3 O-O 10. Nf3 Kh8 11. Re1 Ng8 12. Bg5 f6 13. Bh4 Nd7 14. a4 a5 15. Qe2 Nc5 16. Rad1 Qc7 17. b3 Ne6 18. Bg3 {½-½ (18) Valencia de Loma,S (1689)-Camacho Casado,D (1899) Madrid 2016}) 9... O-O 10. Qe2 Nd7 11. Kh1 (11. h3 $16) 11... Kh8 12. f4 ({White should play} 12. Rd1 $14) 12... exf4 13. Bxf4 Ne5 14. Bb3 Bg4 15. Qe3 Rae8 16. Rae1 Bc8 17. Qxa7 Nhg4 18. Qg1 Bh6 19. Nh3 Bxf4 20. Rxf4 ({White should try} 20. Nxf4 $14 Qh4 21. h3) 20... g5 21. Rff1 h5 22. Nd1 Rg8 23. Nhf2 Nh6 24. Nd3 Rg7 25. Qc5 (25. N1f2 $16) 25... Qxc5 26. Nxc5 b6 27. Nd3 Ba6 $1 28. N1f2 c5 (28... g4 $14) 29. Bd5 Ng6 (29... h4 $16 {keeps fighting.} 30. h3 f6) 30. c4 Nf8 31. b3 Ne6 32. Bxe6 Rxe6 33. a5 Rgg6 34. Ra1 bxa5 35. Rxa5 Rb6 36. Nxc5 Kg7 37. Nxa6 Rxa6 38. Rxa6 Rxa6 39. Rb1 Kf6 (39... Ng8 {was called for.} 40. b4 Nf6) 40. b4 Ra4 41. Nd3 Ke7 $2 (41... Ra3 42. Nc5 Ng4) 42. Nc5 Ra7 (42... Ra2 $142 43. h3 Kd6 44. Rd1+ Ke7 45. Rd7+ Kf8) 43. b5 Kd6 44. Nd3 Rb7 45. c5+ Kc7 46. Ne5 f6 47. b6+ {[%emt 0:00:42] Decoy} Kb8 48. Nc6+ Kc8 49. Na7+ Kb8 50. c6 Re7 51. Rd1 Re8 {[%emt 0:00:26] [#]} 52. Rd8+ $18 Rxd8 53. c7+ {[%emt 0:00:10] Double Attack} 1-0

[Event "II Duchamp Open 2018"]
[Site "Rio de Janeiro"]
[Date "2018.11.17"]
[Round "5"]
[White "Pimentel, Rafael Favarin G."]
[Black "Campos, Alexandre Ferreira"]
[Result "1/2-1/2"]
[ECO "A33"]
[WhiteElo "1886"]
[BlackElo "2076"]
[Annotator "NA RC"]
[PlyCount "129"]
[EventDate "2018.11.14"]
[EventType "swiss"]
[EventCountry "BRA"]
[SourceTitle "playchess.com"]
[Source "ChessBase"]
[SourceQuality "1"]
[TimeControl "5400+30"]

1. d4 Nf6 2. c4 e6 3. Nc3 c5 4. Nf3 cxd4 5. Nxd4 Nc6 6. Bg5 Bc5 {[%emt 0:02:09] LiveBook: 3 Games A33: Symmetrical English: 2 Nf3 Nf6 3 d4 cxd4 4 Nxd4 e6 5 Nc3 Nc6} (6... Be7 7. e3 O-O 8. Be2 h6 9. Bh4 d5 10. cxd5 exd5 11. O-O Be6 12. Rc1 Qd7 13. Nxe6 fxe6 14. Bd3 Rad8 15. Bb1 Qe8 {1-0 (40) Wojtaszek,R (2749)-Radjabov,T (2710) Doha 2016}) 7. e3 Qb6 8. Nb3 Bb4 9. Bxf6 gxf6 10. Qc2 $146 ({Predecessor:} 10. Rc1 Na5 11. c5 Bxc5 12. Nxc5 Qxc5 13. Qd2 Nc4 14. Bxc4 Qxc4 {1-0 (66) Roiz,M (2605)-Fernandez,F (2410) Baku 2016}) 10... Bxc3+ 11. Qxc3 Qb4 12. Be2 Qxc3+ 13. bxc3 b6 14. Rd1 Ke7 15. f3 d6 16. Nd4 Bb7 17. Kf2 Rac8 18. g4 Rhd8 19. Nxc6+ Rxc6 20. Rb1 Rc5 21. Rb5 Rdc8 22. Rhb1 Ba6 23. Rxc5 Rxc5 24. Rb4 Ra5 25. a4 Bb7 26. Bd1 Rc5 27. Be2 Bc6 28. Ke1 Kd7 29. f4 Kc7 30. h4 a5 31. Kd2 f5 ({Don't play} 31... axb4 $6 32. cxb4 f5 33. bxc5 $11) 32. g5 Bd7 ({Don't do} 32... axb4 33. cxb4 Bxa4 34. bxc5 $15) 33. Rb1 Bxa4 34. h5 Bc6 35. h6 a4 (35... Kb7 $142 36. Ra1 Be4) 36. Rg1 a3 37. Ra1 Ra5 38. Bh5 {[%emt 0:01:21] [#]} (38. Kc2 $1 $11) 38... Be8 $1 39. Kc2 {[%emt 0:00:10] [#]} Kc6 $1 40. Kb3 Kc5 41. Be2 b5 $2 (41... Ba4+ $19 42. Ka2 d5 43. cxd5 Kxd5) 42. Rxa3 bxc4+ 43. Ka2 Rxa3+ 44. Kxa3 e5 45. Kb2 exf4 46. exf4 d5 47. Kc2 d4 48. Bf3 d3+ 49. Kd2 f6 50. gxf6 Kd6 51. Bb7 Bf7 $1 52. Bc8 Be6 $1 53. f7 Bxf7 54. Bxf5 Bg8 55. Ke3 Ke7 56. Be4 Kf6 57. Kd2 Ke6 58. Ke3 Kd6 59. Kd2 Kc5 60. Ke3 Kb5 {[%emt 0:00:29] [#]} 61. Kd2 $2 (61. f5 $1 $18) 61... Kc5 62. Ke3 Kd6 63. Kd2 Ke6 64. Ke3 Kf6 $11 65. Kd2 {[%emt 0:00:18] Ke5} 1/2-1/2

[Event "II Duchamp Open 2018"]
[Site "Rio de Janeiro"]
[Date "2018.11.18"]
[Round "6"]
[White "Matsuura, Everaldo"]
[Black "Rodriguez Vila, Andres"]
[Result "1-0"]
[ECO "B07"]
[WhiteElo "2476"]
[BlackElo "2482"]
[Annotator "RC"]
[PlyCount "77"]
[EventDate "2018.11.14"]
[EventType "swiss"]
[EventCountry "BRA"]
[SourceTitle "playchess.com"]
[Source "ChessBase"]
[SourceQuality "1"]
[TimeControl "5400+30"]

1. e4 d6 2. d4 Nf6 3. Nc3 c6 4. f4 Bg4 5. Qd3 Na6 6. h3 Nb4 7. Qd2 Bd7 8. a3 Qa5 9. Rb1 Na6 10. b4 Qh5 11. Qf2 e5 12. dxe5 dxe5 13. f5 g5 14. Nf3 Rg8 15. Be2 Qh6 16. h4 Be7 17. Qg1 Nxe4 18. Nxe4 Bxf5 19. hxg5 Qe6 20. Qe3 Nc7 21. c4 O-O-O 22. Rb2 Kb8 23. Rd2 Rde8 24. Rd1 Bg6 25. Kf1 Qf5 26. Ng3 Qc8 27. Bb2 Bc2 28. Rd2 e4 29. Rxc2 exf3 30. Qxf3 Rxg5 31. Bd3 Rd8 32. Rh5 Rg6 33. Bxg6 fxg6 34. Rxh7 Qe6 35. Re2 Qxc4 36. Rhxe7 Nd5 37. R7e4 Qb5 38. Kg1 g5 39. Re8 1-0

[Event "II Duchamp Open 2018"]
[Site "Rio de Janeiro"]
[Date "2018.11.18"]
[Round "6"]
[White "Teixeira, Ricardo Da Silva"]
[Black "Pimentel, Rafael Favarin G."]
[Result "1-0"]
[ECO "B56"]
[WhiteElo "2239"]
[BlackElo "1886"]
[Annotator "NA RC"]
[PlyCount "81"]
[EventDate "2018.11.14"]
[EventType "swiss"]
[EventCountry "BRA"]
[SourceTitle "playchess.com"]
[Source "ChessBase"]
[SourceQuality "1"]
[TimeControl "5400+30"]

1. e4 c5 2. Nf3 Nc6 3. d4 cxd4 4. Nxd4 Nf6 5. Nc3 d6 6. g3 a6 7. Bg2 Bd7 8. O-O e6 9. Nxc6 Bxc6 10. Re1 Be7 11. a4 O-O 12. a5 Qc7 13. Be3 Nd7 14. Na4 Bxa4 15. Rxa4 b5 {[%emt 0:00:08] B80: Sicilian Scheveningen: 6 g3 and 6 Be3, including English Attack} 16. axb6 Nxb6 17. Ra2 {[%emt 0:00:08] [#]} Rfd8 $146 ({Predecessor:} 17... a5 18. Bd4 a4 19. Re3 Rfc8 20. Rc3 Qd8 21. Qd3 Nd7 22. Rc4 Ne5 23. Bxe5 Rxc4 24. Qxc4 dxe5 25. Rxa4 Rxa4 26. Qxa4 {½-½ (59) Kavalek,L (2600)-Tal,M (2705) Bugojno 1980}) 18. b3 Bf6 19. Bd4 Bxd4 20. Qxd4 d5 21. Qa1 dxe4 22. Bxe4 Nd5 23. Rxa6 Rxa6 24. Qxa6 Nb4 25. Qe2 f5 ({Black should play} 25... Qc3) 26. Bd3 Nxd3 27. Qxe6+ ({Don't play} 27. cxd3 $6 Rd6 $14) 27... Qf7 {[%emt 0:00:03] [#]} 28. Qxf7+ ({Don't do} 28. cxd3 $6 Qxe6 29. Rxe6 Rxd3 $16) ({White should play} 28. Qb6 $1 $18 Nxe1 29. Qxd8+ Qf8 30. Qd1) 28... Kxf7 29. Rd1 {[%emt 0:00:14] Pin} Rc8 30. cxd3 Rc3 {[%emt 0:00:08] [#]} 31. Rb1 $1 Rxd3 32. b4 Rd7 33. h4 Kf6 34. Kf1 h6 35. Ke2 Ke5 36. f4+ Ke6 37. Ke3 Rd5 (37... Re7 $16 {was worth a try.} 38. Kd3 Kd6) 38. Rb3 Rd1 39. b5 Rg1 40. Kd4 Kd6 41. b6 $18 {[%emt 0:01:46] Kd5+ Ke4+} 1-0

[Event "II Duchamp Open 2018"]
[Site "Rio de Janeiro"]
[Date "2018.11.18"]
[Round "6"]
[White "Dos Santos, Vitor Eduardo Mello"]
[Black "Rocha, Vitor Firmo De Souz"]
[Result "1-0"]
[ECO "B12"]
[WhiteElo "2054"]
[BlackElo "2174"]
[Annotator "ChessBase"]
[PlyCount "103"]
[EventDate "2018.11.14"]
[EventType "swiss"]
[EventCountry "BRA"]
[SourceTitle "playchess.com"]
[Source "ChessBase"]
[SourceQuality "1"]
[TimeControl "5400+30"]

1. e4 c6 2. d4 d5 3. e5 Bf5 4. Nf3 e6 5. Be2 Nd7 6. O-O Ne7 7. b3 h6 8. c4 Bh7 9. Nc3 Ng6 10. a3 Be7 11. Re1 O-O 12. Bd3 Rc8 13. c5 Re8 14. Qc2 b5 15. b4 a5 16. Kh1 a4 17. Ng1 Ngf8 18. f4 f5 19. Nf3 g5 20. fxg5 hxg5 21. g4 fxg4 22. Nd2 Bxd3 23. Qxd3 Kg7 24. Rg1 Ng6 25. Rxg4 Rf8 26. Qg3 Rf5 27. Nf3 Qf8 28. Bxg5 Rxf3 29. Bxe7 Qf5 30. Rxg6+ Kh7 31. Rg5 Rxg3 32. Rxf5 Rxc3 33. Rf4 Rh3 34. Kg2 Rh5 35. h4 Rf5 36. Raf1 Rg8+ 37. Kh3 Rxf4 38. Rxf4 Rg1 39. Bd6 Rg7 40. h5 Kh6 41. Rg4 Rf7 42. Kh4 Kh7 43. Rg6 Rf1 44. Rxe6 Rh1+ 45. Kg5 Rg1+ 46. Kf4 Rf1+ 47. Ke3 Ra1 48. Re7+ Kh6 49. Rxd7 Rxa3+ 50. Kf4 Rd3 51. e6 a3 52. Be5 1-0

[Event "II Duchamp Open 2018"]
[Site "Rio de Janeiro"]
[Date "2018.11.18"]
[Round "6"]
[White "Brito, Vicente De Paulo Al"]
[Black "Chaves, Jorge Antonio Torre"]
[Result "1/2-1/2"]
[ECO "B21"]
[WhiteElo "2044"]
[BlackElo "1922"]
[Annotator "NA RC"]
[PlyCount "61"]
[EventDate "2018.11.14"]
[EventType "swiss"]
[EventCountry "BRA"]
[SourceTitle "playchess.com"]
[Source "ChessBase"]
[SourceQuality "1"]
[TimeControl "5400+30"]

1. e4 c5 2. d4 cxd4 3. c3 dxc3 4. Nxc3 d6 5. Nf3 Nc6 6. Bc4 e6 7. O-O a6 8. Qe2 Be7 9. Rd1 Qc7 10. Bf4 Ne5 11. Bb3 {[%emt 0:06:16] B21: Sicilian: 2 f4 and Morra Gambit} Nf6 12. Rac1 Qb8 13. a4 (13. Nd4 Bd7 14. Bg3 O-O 15. f4 Nc6 16. Kh1 Nxd4 17. Rxd4 Bc6 18. e5 dxe5 19. fxe5 {0-1 (57) Rowe,D (2147)-Nurmamedov,A (2349) Batumi 2018}) 13... b6 14. Nd4 Bd7 15. h3 $146 ({Predecessor:} 15. Bg3 O-O 16. f4 Nc6 17. Nf3 Nh5 18. e5 Nxg3 19. hxg3 {1-0 (31) Silva Nazzari,R-Rovira Mas,J Lugano 1968}) 15... O-O 16. Be3 Rd8 17. g4 Qb7 18. f4 Nc6 19. g5 Nxd4 20. Bxd4 Ne8 21. h4 Bc6 22. h5 Bf8 {[%emt 0:10:07] [#]} (22... b5 $11 {remains equal.}) 23. g6 $1 h6 24. f5 fxg6 25. Bxe6+ Kh8 26. Nd5 ({Don't play} 26. fxg6 Nf6 $18) 26... g5 27. Rf1 ({Don't take} 27. Nxb6 $6 Rab8 $16) 27... Bxd5 28. Bxd5 ({Stronger than} 28. exd5 Be7 $11) 28... Qe7 29. Bxa8 Rxa8 30. Bxb6 Qe5 31. Qd3 $16 1/2-1/2

[Event "II Duchamp Open 2018"]
[Site "Rio de Janeiro"]
[Date "2018.11.18"]
[Round "6"]
[White "Rodrigues, Nei Jorge"]
[Black "Reis, Virginia Lagrange M"]
[Result "0-1"]
[ECO "A38"]
[WhiteElo "1978"]
[BlackElo "1750"]
[Annotator "NA RC"]
[PlyCount "62"]
[EventDate "2018.11.14"]
[EventType "swiss"]
[EventCountry "BRA"]
[SourceTitle "playchess.com"]
[Source "ChessBase"]
[SourceQuality "1"]
[TimeControl "5400+30"]

1. Nf3 c5 2. c4 Nc6 3. g3 g6 4. Bg2 Bg7 5. O-O Nf6 6. Nc3 O-O 7. d3 d6 8. a3 Bd7 9. Rb1 a5 10. Bd2 Rb8 11. Ne1 {[%emt 0:03:35] A38: Symmetrical English vs ...g6: 4 Bg2 Bg7 5 Nf3 Nf6} b6 (11... Ne8 12. Nc2 Nc7 13. b4 axb4 14. axb4 Nxb4 15. Nxb4 cxb4 16. Rxb4 b5 17. cxb5 Nxb5 18. Nxb5 Rxb5 19. Rxb5 Bxb5 20. Qb3 Bd7 21. Qb7 Bg4 22. Bg5 Qb8 23. Bxe7 Qxb7 24. Bxb7 Re8 25. Bxd6 Bxe2 26. Re1 Re6 27. Bc5 Bxd3 28. Rxe6 fxe6 29. Kg2 Bc4 30. Kf3 Kf7 {½-½ (30) Sadorra,J (2577)-Ramirez,A (2597) Dallas 2013}) 12. Nc2 Qc8 $146 ({Predecessor:} 12... Nd4 13. b4 axb4 14. axb4 Bc6 15. Nxd4 Bxg2 16. Kxg2 cxd4 17. Nb5 e5 18. e3 dxe3 19. Bxe3 {1-0 (40) Micheli,C (2268)-Wittmann,W (2286) Rogaska Slatina 2012}) 13. Re1 Re8 14. b4 axb4 15. axb4 Bg4 16. Qc1 Ne5 17. Bf4 Nh5 18. Bh6 Nxd3 19. exd3 Bxc3 20. Ne3 Bxe1 21. Nxg4 Bxb4 22. h3 b5 23. Qb2 $2 (23. cxb5 Rxb5 24. Ra1) 23... bxc4 24. Qa2 cxd3 25. Qc4 d2 26. Be3 e6 27. Bf3 d5 28. Nh6+ Kg7 29. Qh4 Qd8 30. Bg5 f6 31. Be3 d4 $19 0-1

[Event "II Duchamp Open 2018"]
[Site "Rio de Janeiro"]
[Date "2018.11.18"]
[Round "6"]
[White "Chang, Suzana"]
[Black "Maia, Jose Eduardo Bastos"]
[Result "1-0"]
[ECO "A14"]
[WhiteElo "1968"]
[BlackElo "2093"]
[Annotator "NA RC"]
[PlyCount "60"]
[EventDate "2018.11.14"]
[EventType "swiss"]
[EventCountry "BRA"]
[SourceTitle "playchess.com"]
[Source "ChessBase"]
[SourceQuality "1"]
[TimeControl "5400+30"]

1. c4 e6 2. g3 d5 3. Bg2 Nf6 4. Nf3 Be7 5. O-O O-O 6. d4 c6 7. Qc2 b6 8. Nbd2 Bb7 9. e4 Na6 10. e5 Nd7 11. a3 {[%emt 0:03:44] E06: Closed Catalan: Early deviations} c5 12. dxc5 bxc5 13. Re1 Nc7 {[%emt 0:07:16] [#]} 14. Rb1 $146 ({Predecessor:} 14. Nb3 Rb8 15. Na5 Ba8 16. Bd2 Nb6 17. b3 Qd7 18. Red1 f6 {½-½ (35) Dziuba,M (2558)-Buhmann,R (2612) Germany 2016}) 14... a5 15. b3 Nb6 16. h4 h6 17. Bf1 Qd7 18. Be2 Rfc8 19. Nf1 Rcb8 20. N1h2 a4 21. Ng4 (21. Bxh6 $1 $11 gxh6 22. Qc1) 21... axb3 (21... h5 $17 22. Ne3 d4 23. bxa4 Bc6) 22. Rxb3 Nxc4 {[%emt 0:01:22] [#]} 23. Qb1 $2 (23. Bxh6 $1 $14 {[%mdl 512] was forced to keep a grip.} gxh6 24. Qc1) 23... Na6 $2 {[%emt 0:16:04] [#]} (23... Na5 $19 24. Rb6 d4) 24. Bxh6 $1 gxh6 25. Nxh6+ Kg7 26. Nxf7 Bc6 $2 ({Don't go for} 26... Kxf7 $2 27. Ng5+ Ke8 28. Qg6+ Kd8 29. Nxe6+ Kc8 30. Bg4 $18) (26... Nxa3 $16 27. Rxa3 Bc8) 27. N3g5 Bxg5 28. Nxg5 Rh8 29. Rf3 $2 (29. Rd1 $18) 29... Nxe5 $2 (29... Nd2 $17 30. Nxe6+ Qxe6) 30. Re3 Nc4 1-0

[Event "II Duchamp Open 2018"]
[Site "Rio de Janeiro"]
[Date "2018.11.18"]
[Round "6"]
[White "Ramos, Angelo Bil"]
[Black "Peixoto, Rudson Marinho"]
[Result "0-1"]
[ECO "B90"]
[WhiteElo "1952"]
[BlackElo "2007"]
[Annotator "NA RC"]
[PlyCount "78"]
[EventDate "2018.11.14"]
[EventType "swiss"]
[EventCountry "BRA"]
[SourceTitle "playchess.com"]
[Source "ChessBase"]
[SourceQuality "1"]
[TimeControl "5400+30"]

1. e4 c5 2. Nf3 d6 3. d4 cxd4 4. Nxd4 Nf6 5. Nc3 a6 6. h3 Qc7 7. g4 b5 8. Bg2 Bb7 9. O-O e6 10. a3 Nc6 11. Re1 Be7 12. Nde2 h5 13. g5 Nd7 14. h4 Nce5 15. Ng3 O-O-O 16. Qe2 Ng6 17. Bf3 Nxh4 18. Bxh5 g6 19. Qg4 gxh5 20. Qxh4 Ne5 21. Kg2 Ng6 22. Qh3 Kb8 23. f3 d5 24. exd5 exd5 25. Nf5 d4 26. Nxe7 Nxe7 27. Qh2 Bxf3+ 28. Kxf3 Qxh2 29. Bf4+ Qxf4+ 30. Kxf4 Ng6+ 31. Kf5 dxc3 32. bxc3 Rd6 33. Rab1 Rc8 34. a4 Rc5+ 35. Ke4 Kc7 36. axb5 axb5 37. Rf1 Re5+ 38. Kf3 Rxg5 39. Rh1 Rc6 0-1

[Event "II Duchamp Open 2018"]
[Site "Rio de Janeiro"]
[Date "2018.11.19"]
[Round "7"]
[White "Matsuura, Everaldo"]
[Black "Romanishin, Oleg M"]
[Result "1/2-1/2"]
[ECO "C45"]
[WhiteElo "2476"]
[BlackElo "2435"]
[Annotator "RC"]
[PlyCount "61"]
[EventDate "2018.11.14"]
[EventType "swiss"]
[EventCountry "BRA"]
[SourceTitle "playchess.com"]
[Source "ChessBase"]
[SourceQuality "1"]
[TimeControl "5400+30"]

1. e4 e5 2. Nf3 Nc6 3. d4 exd4 4. Nxd4 Bc5 5. Nb3 Bb4+ 6. c3 Be7 7. Bf4 Bg5 8. Qd2 Bxf4 9. Qxf4 Nf6 10. N1d2 O-O 11. O-O-O d6 12. Kb1 Nh5 13. Qf3 Ne5 14. Qe2 Qf6 15. h3 Qh6 16. Nd4 f5 17. Nxf5 Bxf5 18. exf5 Rxf5 19. Ne4 Nf6 20. Ng3 Rf4 21. Qc2 Qg6 22. Qxg6 Nxg6 23. f3 Nh4 24. Rg1 Nf5 25. Nxf5 Rxf5 26. Bc4+ Kf8 27. Rge1 Re8 28. Be6 Re5 29. Rxe5 dxe5 30. Bb3 e4 31. fxe4 1/2-1/2

[Event "II Duchamp Open 2018"]
[Site "Rio de Janeiro"]
[Date "2018.11.19"]
[Round "7"]
[White "Ferreira, Kleber Victor"]
[Black "Fucs, Paulo Moses"]
[Result "1/2-1/2"]
[ECO "B24"]
[WhiteElo "2053"]
[BlackElo "2016"]
[Annotator "NA"]
[PlyCount "112"]
[EventDate "2018.11.14"]
[EventType "swiss"]
[EventCountry "BRA"]
[SourceTitle "playchess.com"]
[Source "ChessBase"]
[SourceQuality "1"]
[TimeControl "5400+30"]

1. e4 c5 2. Nc3 Nc6 3. Bb5 g6 4. Bxc6 dxc6 5. d3 Bg7 6. f4 {[%emt 0:04:37] B23: Closed Sicilian: Lines without g3} c4 (6... Nf6 7. Nf3 Nd7 8. O-O b6 9. Qe1 Nf8 10. f5 gxf5 11. Nh4 fxe4 12. dxe4 Ng6 13. Nf5 O-O {0-1 (32) Najer,E (2658)-Savchenko,B (2567) Moscow 2015}) 7. Nf3 cxd3 8. cxd3 Nf6 {[%emt 0:01:40] LiveBook: 5 Games} 9. O-O O-O 10. Kh1 Qa5 $146 ({Predecessor:} 10... c5 11. Be3 b6 12. Qe2 Bb7 13. Rad1 Qc7 {1-0 (37) Bodnaruk,A (2475)-Maslova,P (2095) Sochi 2016}) 11. Ne5 Be6 12. Qf3 Rad8 13. Be3 Ne8 14. d4 Nd6 15. d5 cxd5 16. exd5 Bc8 17. Qf2 Nb5 18. Nxb5 Qxb5 19. Bxa7 Rxd5 20. Be3 Bf5 21. Bd4 Rfd8 22. Bc3 e6 23. Rfe1 Qa4 24. h3 h5 25. a3 (25. Qh4 $15) 25... Bh6 $2 (25... f6 $19 26. Nf3 Qxf4) 26. g4 (26. Qh4 $1 $11 Bg7 27. Rac1) 26... hxg4 27. hxg4 Bd3 28. g5 Bg7 29. Rac1 Bf5 30. Kh2 Qb3 31. Re3 $1 {[%emt 0:02:26] [#]} Qa4 (31... Rd1 $1 $17 32. Rxd1 Rxd1) 32. Kg3 Rd1 33. Rxd1 Qxd1 34. Re1 Qh5 35. Qh2 Bxe5 36. Qxh5 Bxc3 $2 {[%emt 0:02:02] [#]} (36... Bxf4+ $15 {stays ahead.} 37. Kxf4 gxh5) 37. Qe2 $1 Rd3+ 38. Kf2 Bd4+ (38... Bxe1+ $142 39. Kxe1 (39. Qxe1 Rb3 $16) 39... b5) 39. Kg2 Rb3 40. Qc4 Rxb2+ $2 (40... Rd3 41. Re2 b6) 41. Re2 Be4+ 42. Kg3 (42. Kf1 $142 Rb1+ 43. Re1 Bg2+ 44. Kxg2 Rxe1 45. Qxd4) 42... Bd5 43. Qxd4 Rxe2 44. Qf6 Rg2+ 45. Kh3 Ra2 46. Qd8+ Kh7 47. Qe7 e5 48. fxe5 Be6+ 49. Kg3 b5 50. Kf4 $14 Rc2 51. Ke3 Rc4 52. Kd2 Rf4 53. Ke3 Ra4 54. Qd6 Rh4 (54... Rg4 $1 $11) 55. Qe7 Rh3+ 56. Kd4 Rb3 1/2-1/2

[Event "II Duchamp Open 2018"]
[Site "Rio de Janeiro"]
[Date "2018.11.19"]
[Round "7"]
[White "Okamura, Milton Kasuo"]
[Black "Moccero, Eduardo"]
[Result "1/2-1/2"]
[ECO "D27"]
[WhiteElo "2038"]
[BlackElo "1945"]
[Annotator "NA RC"]
[PlyCount "50"]
[EventDate "2018.11.14"]
[EventType "swiss"]
[EventCountry "BRA"]
[SourceTitle "playchess.com"]
[Source "ChessBase"]
[SourceQuality "1"]
[TimeControl "5400+30"]

1. d4 d5 2. c4 dxc4 3. Nf3 Nf6 4. e3 e6 5. Bxc4 c5 6. O-O a6 7. a4 Nc6 8. Nc3 cxd4 9. exd4 Be7 10. d5 exd5 11. Nxd5 Nxd5 12. Bxd5 {[%emt 0:00:05] D27: Queen's Gambit Accepted: Classical main line: 7 e4!? and 7 a4} O-O {[%emt 0:00:43] LiveBook: 6 Games} 13. Qb3 (13. Be3 Nb4 14. Bb3 Bf5 15. Nd4 Bd3 16. Re1 Bf6 17. Qd2 a5 18. Nb5 Bc2 19. Bc4 Bxb2 20. Rad1 Bxd1 21. Qxb2 Rc8 22. Qc3 Nd5 23. Bxd5 Rxc3 24. Nxc3 Bxa4 25. Ba2 Bc6 {0-1 (25) Lysyj,I (2617)-Naiditsch,A (2697) Mainz 2009}) 13... Qc7 14. Be3 Bf6 $146 ({Predecessor:} 14... Qd6 15. Rac1 Na5 16. Qa2 Be6 17. Bxe6 Qxe6 18. Qxe6 fxe6 {1-0 (32) Wyder,B (2017)-Gerard,A (1952) ICCF email 2012}) 15. Rac1 Bg4 16. Bb6 Qd7 17. Rfd1 Qf5 (17... Be6 $14) 18. Re1 (18. h3 $16 Bxf3 19. Bxf3) 18... Rac8 19. Rcd1 (19. h3 $5 Bxf3 20. Bxf3 $16) 19... Qg6 20. Be4 Bf5 21. Bxf5 Qxf5 22. Rd5 Qf4 23. Rd7 Ne5 24. Nxe5 Bxe5 25. Qg3 $17 {[%emt 0:08:11] [#]} (25. g3 $14 {is the one way to stay ahead.} Qf6 26. Rxb7) 25... Rc1 $1 1/2-1/2